 Dungeon Crawl Stone Soup version 0.26.1-11-gd32895ea62 (webtiles) character file.

Game seed: 12349514083712538133

232 Zeld the Caller (level 6, -6/36 HPs)
             Began as an Octopode Summoner on May 11, 2021.
             Was a Follower of Qazlal.
             Mangled by an ice beast (12 damage)
             ... on level 4 of the Dungeon.
             The game lasted 00:09:08 (6402 turns).

Zeld the Caller (Octopode Summoner)                 Turns: 6402, Time: 00:09:09

Health: -6/36      AC:  1    Str:  7    XL:     6   Next: 4%
Magic:  6/10       EV: 14    Int: 19    God:    Qazlal [*.....]
Gold:   134        SH:  1    Dex: 13    Spells: 1/11 levels left

rFire    . . .     SeeInvis .   (no weapon)
rCold    . . .     Faith    .   (no shield)
rNeg     . . .     Spirit   .   (helmet restricted)
rPois    .         Reflect  .   (no amulet)
rElec    .         Harm     .   (no ring)
rCorr    .         Rampage  .   (no ring)
Will     .....                  (no ring)
Stlth    ++++......             (no ring)
HPRegen  0.12/turn              (no ring)
MPRegen  0.12/turn              (no ring)
                                (no ring)
                                (no ring)

@: no status effects
A: almost no armour, stealthy swim, amphibious, 8 rings, constrict 8, camouflage
1, gelatinous body 1
a: Renounce Religion


You were on level 4 of the Dungeon.
You worshipped Qazlal.
Qazlal was aware of your devotion.
You visited 1 branch of the dungeon, and saw 4 of its levels.

You collected 134 gold pieces.

Inventory:

Armour
 j - a +2 hat
Scrolls
 d - 5 scrolls of teleportation
Potions
 a - a potion of heal wounds
 e - a potion of attraction {unknown}
 g - 2 potions of lignification {unknown}
 h - a potion of magic {unknown}
 i - a potion of mutation {unknown}


   Skills:
 - Level 3.1 Dodging
 - Level 2.6 Stealth
 - Level 3.0 Spellcasting
 - Level 5.4 Summonings
 + Level 2.2 Ice Magic


You had one spell level left.
You knew the following spells:

 Your Spells              Type           Power        Failure   Level
a - Summon Small Mammal   Summ           92%          1%          1
b - Call Imp              Summ           23%          2%          2
c - Call Canine Familiar  Summ           23%          4%          3
d - Summon Ice Beast      Ice/Summ       17%          30%         4

Your spell library contained the following spells:

 Spells                   Type           Power        Failure   Level
 Summon Guardian Golem    Hex/Summ       13%          16%         3
 Summon Lightning Spire   Summ/Air       13%          45%         4


Dungeon Overview and Level Annotations

Branches:
Dungeon (4/15)
 Temple: D:4-7

Altars:
Fedhas
Qazlal

Annotations:
D:4 1 transporter


Innate Abilities, Weirdness & Mutations

You cannot wear most types of armour.
You are very stealthy in the water. (Stealth+)
You are amphibious.
You can wear up to eight rings at the same time.
You can use your tentacles to constrict eight enemies at once.
Your skin changes colour to match your surroundings (Stealth+).
Your rubbery body absorbs attacks. (AC +1, EV +1)


Message History

You are too injured to fight recklessly!
Found 10 gold pieces.
Found a war axe.
Casting: Call Canine Familiar (dangerous; 4% risk of failure)
Confirm with . or Enter, or press ? or * to list all spells.
Okay, then.
You are too injured to fight recklessly!
Casting: Call Canine Familiar (dangerous; 4% risk of failure)
Confirm with . or Enter, or press ? or * to list all spells.
Nothing appears to happen.
The jackal bites the plant.
The plant begins to die.
Found a scroll of identify.
The jackal bites the plant.
The jackal splashes around in the water.
You tentacle-slap the plant but do no damage.
You grab the plant.
The plant begins to die.
You constrict the plant. The ice beast hits you.
* * * LOW HITPOINT WARNING * * *
The ice beast freezes you!
You die...

≈♣♣♣≈≈♣≈≈≈≈≈≈≈≈♣≈P≈
≈≈P♣PPP≈≈≈≈P≈P≈P≈P≈≈P
≈PPP≈P≈P≈≈≈≈≈≈≈≈≈P≈P≈≈
≈P≈≈P≈≈≈≈≈≈≈≈≈≈≈≈≈♣≈P≈P
≈≈≈PP≈≈≈≈≈≈≈≈≈≈≈≈≈≈≈≈♣≈
≈♣≈≈≈P≈≈≈≈≈≈≈≈≈≈≈≈≈≈≈P≈≈
≈≈≈P≈≈≈≈≈≈≈≈≈≈≈≈≈≈≈≈≈≈≈≈
♣≈≈≈≈≈≈≈≈≈≈≈≈≈≈≈Y≈≈≈P≈≈♣
♣≈≈≈♣≈≈≈≈≈≈≈≈≈≈@○≈≈P≈≈♣
♣≈P≈≈≈≈≈≈≈h≈≈≈≈≈P≈≈≈≈♣♣
;.♣
#P♣≈≈≈≈≈≈P♣P≈≈≈≈♣≈P♣≈♣
....#;..
#.≈≈≈≈≈♣≈≈♣≈♣♣♣≈≈≈≈...
....#≈.. #.#...♣♣♣♣≈≈♣≈
.....## #..#≈.. #
#.##.$...... .... ..
#..###+
#.#.h........?.... .
#..#P.? #
#..####).........
#..#8.© #....# ...
#..####


You could see an ice beast and a jackal.

Vanquished Creatures
  A hound (D:4)
  A worker ant (D:3)
  2 adders
  3 leopard geckos
  An orc (D:3)
  2 giant cockroaches (D:3)
  3 goblins
  7 hobgoblins
  3 jackals
  A quokka (D:3)
  3 bats
  2 frilled lizards
  3 kobolds (D:1)
  A leopard gecko skeleton (D:4)
  11 rats
44 creatures vanquished.

Vanquished Creatures (collateral kills)
  An orc wizard (D:3)
  Terence (D:1)
  Natasha (thrice) (D:2)
  4 gnolls (D:2)
  An adder (D:2)
  2 oozes (D:3)
  2 worms (D:2)
  3 leopard geckos
  7 orcs
  5 bats
  2 giant cockroaches (D:1)
  4 goblins
  3 hobgoblins
  7 jackals
  2 kobolds (D:1)
  3 quokkas
  2 frilled lizards
  2 rats
54 creatures vanquished.

Grand Total: 98 creatures vanquished

Notes
Turn   | Place    | Note
-------+----------+-------------------------------------------
     0 | D:1      | Zeld the Octopode Summoner began the quest for the Orb.
     0 | D:1      | Reached XP level 1. HP: 11/11 MP: 3/3
   399 | D:1      | Reached XP level 2. HP: 9/17 MP: 0/5
   403 | D:1      | Learned a level 2 spell: Call Imp
  1333 | D:1      | Reached XP level 3. HP: 21/21 MP: 3/6
  1337 | D:1      | Learned a level 3 spell: Call Canine Familiar
  2509 | D:2      | Noticed Terence
  2566 | D:1      | Killed Terence
  2567 | D:1      | Reached XP level 4. HP: 25/27 MP: 0/7
  2793 | D:2      | Reached skill level 5 in Summonings
  2799 | D:2      | HP: 1/27 [poisoned by hobgoblin (curare-tipped dart)]
  2972 | D:2      | Noticed Natasha
  2990 | D:2      | Killed Natasha
  3035 | D:2      | Noticed Natasha
  3045 | D:2      | Killed Natasha
  3078 | D:2      | Noticed Natasha
  3087 | D:2      | Killed Natasha
  3088 | D:2      | Reached XP level 5. HP: 31/31 MP: 2/9
  3476 | D:2      | Found a blossoming altar of Fedhas.
  3779 | D:3      | Found a stormy altar of Qazlal.
  3836 | D:3      | Became a worshipper of Qazlal Stormbringer
  4544 | D:3      | Learned a level 4 spell: Summon Ice Beast
  5116 | D:3      | Reached skill level 1 in Ice Magic
  5541 | D:4      | Found a transporter.
  5562 | D:4      | Reached * piety under Qazlal
  5899 | D:4      | Reached XP level 6. HP: 33/36 MP: 4/10
  6269 | D:4      | Noticed an ice beast
  6402 | D:4      | Mangled by an ice beast

Illustrated notes

Levels and vault maps discovered:
D:1:      dpeg_arrival_central, layout_basic
D:2:      layout_rooms, old_standard_altar, minmay_tromino_i4, uniq_natasha,
          uniq_terence
D:3:      layout_loops_cross, grunt_ministairs_12, grunt_qazlal_clouds
D:4:      gammafunk_steamed_eel, layout_basic, lemuel_round_altar, serial_shops,
          nicolae_shop_statue_plus, st_stairs_5, serial_bayou_lake_a

Skill      XL: |  1  2  3  4  5 |
---------------+----------------+-----
Summonings     | 5 |  5.4
Dodging        | 3 |  3.1
Spellcasting   | 3 |  3.0
Ice Magic      | 2 |  2.2
Stealth        | |  2.6

Action                   |  1- 3 |  4- 6 || total
-------------------------+-------+-------++-------
Melee: Unarmed           |    82 |    87 ||   169
       Constrict         |    27 |    28 ||    55
       Tentacles         |    16 |    17 ||    33
 Cast: Summon Small Mamm |    19 |       ||    19
       Call Imp          |    30 |    45 ||    75
       Call Canine Famil |       |    18 ||    18
  Use: Potion            |     3 |     2 ||     5
       Scroll            |       |     4 ||     4
 Stab: Sleeping          |     4 |     5 ||     9
       Distracted        |       |     2 ||     2
Armor: Skin              |    10 |     4 ||    14
Dodge: Dodged            |    74 |    72 ||   146
